 Dungeon Crawl Stone Soup version 0.31-a0-1074-g0b22e4e0f1 (webtiles) character file.

Game seed: 835823758746578129

199 Jeffwins the Shooter (level 5, -4/41 HPs)
             Began as an Armataur Hunter on Nov 27, 2023.
             Slain by a gnoll
             ... wielding a +1 halberd of venom
              (6 damage)
             ... on level 4 of the Dungeon.
             The game lasted 00:04:04 (3380 turns).

Jeffwins the Shooter (Armataur Hunter)              Turns: 3380, Time: 00:04:05

Health: -4/41      AC:  7    Str: 17    XL:     5   Next: 48%
Magic:  16/16      EV:  9    Int: 11    God:
Gold:   205        SH:  0    Dex: 13    Spells: 1/6 levels left

rFire   x . .        a - +0 shortbow
rCold   . . .        (shield currently unavailable)
rNeg    . . .        c - +0 leather armour
rPois   .            m - +0 helmet
rElec   +            (no cloak)
rCorr   .            (no gloves)
SInv    .            (no barding)
Will    .....        (no amulet)
Stlth   +            W - ring of magical power
HPRegen 1.06/turn    (no ring)
MPRegen 0.15/turn

%: clarity, roll
@: lethally poisoned (-4 -> -23)
A: large, deformed body, tough skin 3, armoured tail, roll 1, long tongue,
iridescent scales 1, clarity, sense surroundings 1, regeneration 1, electricity
resistance, heat vulnerability 1, MP-powered wands
a: no special abilities


You were on level 4 of the Dungeon.
You visited 1 branch of the dungeon, and saw 4 of its levels.

You collected 205 gold pieces.


Innate Abilities, Weirdness & Mutations

Armour fits poorly on your strangely shaped body.
You have extremely tough skin. (AC +3)
You have a long armoured tail.
You roll when moving toward enemies. (Rampage)
Your long tongue fully drains potion bottles. (2x potion effects)
You are partially covered in iridescent scales. (AC +2)
You possess an exceptional clarity of mind.
You passively map a small area around you.
Your natural rate of healing is unusually fast.
You are resistant to electric shocks. (rElec)
You are vulnerable to heat. (rF-)
You expend magic power (3 MP) to strengthen your wands.


   Skills:
 - Level 1.7 Fighting
 * Level 4.4 Ranged Weapons
 - Level 1.3 Dodging
 + Level 1.2 Stealth
 + Level 1.4 Spellcasting
 * Level 1.0 Conjurations
 * Level 0.8 Air Magic
 * Level 1.0 Poison Magic


You had one spell level left.
You knew the following spells:

 Your Spells              Type           Power      Damage    Failure   Level
m - Mephitic Cloud        Conj/Pois/Air  2%         N/A       58%         3
z - Poisonous Vapours     Pois/Air       4%         N/A       36%         2

Your spell library contained the following spells:

 Spells                   Type           Power      Damage    Failure   Level
 Sting                    Tmut/Pois      4%         1d3       30%         1
 Inner Flame              Hex/Fire       0%         N/A       75%         3
 Olgreb's Toxic Radiance  Pois           3%         N/A       94%         4
 Freezing Cloud           Conj/Ice/Air   1%         6-21      100%        5
 Yara's Violent Unravell  Hex/Tmut       0%         3d3       100%        5
 Enfeeble                 Hex            0%         N/A       100%        7

Inventory:

Hand Weapons
 a - a +0 shortbow (weapon)
 b - a +2 hand axe of venom
Missiles
 s - a throwing net {=f}
 y - 4 poisoned darts
Armour
 c - a +0 leather armour (worn)
 m - a +0 helmet (worn)
 u - the +0 ring mail of Kaklu Goq {rN+}
   (You found it on level 4 of the Dungeon)

   rN+:       It protects you from negative energy.
Magical Staves
 n - a staff of cold
Jewellery
 W - a ring of magical power (left hand)
Scrolls
 d - 4 scrolls of identify {unknown}
 f - 2 scrolls of enchant armour {unknown}
 g - 2 scrolls of revelation {unknown}
 h - 3 scrolls of noise {unknown}
 k - 4 scrolls of teleportation {unknown}
 o - a scroll of butterflies
 t - a scroll of poison {unknown}
 v - a scroll of blinking {unknown}
 x - a scroll of fog {unknown}
 z - a scroll of torment {unknown}
Potions
 i - a potion of might {unknown}
 j - 2 potions of mutation {!q}
 l - a potion of brilliance {unknown}
 p - a potion of heal wounds {unknown}
 q - a potion of attraction {unknown}
 r - a potion of invisibility {unknown}
 w - 2 potions of haste {unknown}

Dungeon Overview and Level Annotations

Branches:
Dungeon (4/15)
 Temple: D:4-7

Altars:
Hepliaklqana
Nemelex Xobeh
Trog
Uskayaw

##.######)#
....#####.######
##.............#
........#.####.############
##..###.#.####............#
............#############.#
##..#....).......# #.#
##..###.#.#.####.# #)#
....# #.#.#÷# #@# #.#
##..###.#.#÷# #.# #.#
........#.#.# #g# #.#
##........#.# ##g########.#
###########.# #gg.........#
# #.# #..########## ####
#.# #..# ...# #.# #..# ##.#
#.# #..#


You could see 4 gnolls.


Message History

The gnoll hits you from afar with a +1 halberd of venom!
You are lethally poisoned!
You shoot an arrow. The arrow barely misses the gnoll.
The arrow hits the gnoll.
The gnoll is moderately wounded.
* * * LOW HITPOINT WARNING * * *
You feel extremely sick.
The gnoll hits you from afar with a +1 halberd of venom.
* * * LOW HITPOINT WARNING * * *
You are more poisoned.
Unknown command.
Unknown command.
You are too injured to fight recklessly!
Unknown command.
Unknown command.
Okay, then.
You aren't carrying any items that you can evoke.
Unknown command.
Okay, then.
It was a potion of mutation.
You feel extremely strange.
Your thoughts seem clearer.
You feel vulnerable to heat.
You feel insulated.
You feel a strange attunement to the structure of the dungeons.
Iridescent scales grow over part of your body.
You feel your magical essence link to the dungeon's wands.
You begin to heal more quickly.
You slurp down every last drop of the potion of mutation!
* * * LOW HITPOINT WARNING * * *
You feel extremely sick.
The gnoll hits you from afar with a +1 halberd of venom.
You die...

Skill      XL: |  1  2  3  4  5 |
---------------+----------------+-----
Ranged Weapons | 3 4 |  4.4
Spellcasting   | 1 |  1.4
Conjurations   | 1 |  1.0
Poison Magic   | 1 |  1.0
Fighting       | |  1.7
Dodging        | |  1.3
Stealth        | |  1.2
Air Magic      | |  0.8

Action                     |  1- 3 |  4- 6 || total
---------------------------+-------+-------++-------
  Melee: Hand axe          |       |     2 ||     2
         Tailslap          |       |     1 ||     1
   Fire: Shortbow          |   129 |   123 ||   252
    Use: Potion            |     4 |     4 ||     8
 Armour: Leather armour    |    37 |    63 ||   100
         Skin              |    18 |       ||    18
  Dodge: Dodged            |    32 |    34 ||    66

Levels and vault maps discovered:
D:1:      roderic_dead_forest, layout_rooms, hellmonk_ecumenical_altar_lost_god
D:2:      layout_loops_ring
D:3:      layout_basic, mainiacjoe_overflow_alcove_2,
          eat_drink_and_be_merry_uskayaw, uniq_terence
D:4:      layout_loops_ring, nzn_hepliaklqana_mist_gate,
          nemelex_spade_bored_becter, serial_bayou_ford_a, minivault_23,
          uniq_pikel

Notes
Turn   | Place    | Note
-------+----------+-------------------------------------------
     0 | D:1      | Jeffwins the Armataur Hunter began the quest for the Orb.
     0 | D:1      | Reached XP level 1. HP: 17/17 MP: 1/1
    12 | D:1      | Reached skill level 3 in Ranged Weapons
    83 | D:1      | Reached XP level 2. HP: 24/24 MP: 2/2
    83 | D:1      | Found a faded altar of an unknown god.
   237 | D:1      | You fall into a shaft and drop 1 floor!
   423 | D:2      | Reached XP level 3. HP: 29/29 MP: 3/3
  1026 | D:2      | Reached skill level 4 in Ranged Weapons
  1037 | D:2      | Reached XP level 4. HP: 8/36 MP: 3/5
  1466 | D:3      | Noticed Terence
  1473 | D:3      | Killed Terence
  1474 | D:3      | Reached skill level 1 in Spellcasting
  1488 | D:3      | Found a hide-covered altar of Uskayaw.
  1505 | D:3      | Learned a level 3 spell: Mephitic Cloud
  1508 | D:3      | Learned a level 2 spell: Poisonous Vapours
  1879 | D:3      | Reached XP level 5. HP: 10/41 MP: 6/6
  2182 | D:3      | Found a bloodstained altar of Trog.
  2622 | D:4      | Found a hazy altar of Hepliaklqana.
  2666 | D:4      | Identified the +0 ring mail of Kaklu Goq {rN+}
  2871 | D:4      | Found a sparkling altar of Nemelex Xobeh.
  3109 | D:4      | Reached skill level 1 in Conjurations
  3109 | D:4      | Reached skill level 1 in Poison Magic
  3380 | D:4      | Gained mutation: You possess an exceptional clarity of
                  | mind. [potion of mutation]
  3380 | D:4      | Gained mutation: You are vulnerable to heat. (rF-) [potion
                  | of mutation]
  3380 | D:4      | Gained mutation: You are resistant to electric shocks.
                  | (rElec) [potion of mutation]
  3380 | D:4      | Gained mutation: You passively map a small area around you.
                  | [potion of mutation]
  3380 | D:4      | Gained mutation: You are partially covered in iridescent
                  | scales. (AC +2) [potion of mutation]
  3380 | D:4      | Gained mutation: You expend magic power (3 MP) to
                  | strengthen your wands. [potion of mutation]
  3380 | D:4      | Gained mutation: Your natural rate of healing is unusually
                  | fast. [potion of mutation]
  3380 | D:4      | HP: 2/41 [poisoned by a gnoll]
  3380 | D:4      | Slain by a gnoll

Vanquished Creatures
  Terence (D:3)
  7 gnolls
  4 adders
  A worm (D:2)
  An orc (D:3)
  5 ball pythons
  8 bats
  6 endoplasms
  5 giant cockroaches
  7 goblins
  5 hobgoblins
  7 quokkas
  A frilled lizard (D:3)
  7 kobolds
  4 rats
69 creatures vanquished.

Table legend: (Time is in decaauts)
 A = Elapsed time spent in this place.
 B = Non-inter-level travel time spent in this place.
 C = Inter-level travel time spent in this place.
 D = Time resting spent in this place.
 E = Time spent auto-exploring this place.
 F = Levels seen in this place.
 G = Mean time per level.
                   A        B        C        D        E       F      G
               +--------+--------+--------+--------+--------+-----+--------+
         Total |   3437 |   3338 |     99 |      0 |   2776 |   4 |  859.2 |
       Dungeon |   3437 |   3338 |     99 |      0 |   2776 |   4 |  859.2 |
               +--------+--------+--------+--------+--------+-----+--------+

Top non-repeatable levels by time:
     D:3: 1173 daAuts
     D:2: 900 daAuts
     D:4: 818 daAuts
     D:1: 545 daAuts

Table legend:
 A = Non-vault XP
 B = Vault XP
 C = Vault XP percentage of total XP
 D = Non-vault monster count
 E = Vault monster count
 F = Vault count percentage of total count
                 A         B        C        D         E       F
            +---------+---------+-------+---------+---------+-------
      Total |     249 |      36 |  12.6 |      68 |       1 |   1.4
            +---------+---------+-------+---------+---------+-------
        D:1 |      26 |       0 |   0.0 |      16 |       0 |   0.0
        D:2 |      84 |       0 |   0.0 |      19 |       0 |   0.0
        D:3 |      83 |      36 |  30.3 |      20 |       1 |   4.8
        D:4 |      56 |       0 |   0.0 |      13 |       0 |   0.0
            +---------+---------+-------+---------+---------+-------
